 Dungeon Crawl Stone Soup version 0.24.0-125-gc4c63601f3 (console) character file.

Game seed: 12934020474409766959, levelgen mode: deterministic

74799 utis the Nimble (level 15, -3/96 HPs)
             Began as a Tengu Wizard on Feb 21, 2020.
             Slain by a swamp worm (15 damage)
             ... on level 1 of the Swamp.
             The game lasted 02:36:18 (50369 turns).

utis the Nimble (Tengu Wizard)                     Turns: 50369, Time: 02:36:19

Health: -3/96      AC: 21    Str:  8    XL:     15   Next: 48%
Magic:  31/31      EV: 23    Int: 28    God:
Gold:   526        SH:  0    Dex: 12    Spells: 2/37 levels left

rFire    + . .     SeeInvis .   a - +2 short sword (elec)
rCold    . . .     Gourm    .   (no shield)
rNeg     . . .     Faith    .   k - +8 steam dragon scales of the Dice {Int+3}
rPois    +         Spirit   .   K - +2 hat
rElec    .         Reflect  .   P - +2 cloak {rPois}
rCorr    .         Harm     .   g - +2 pair of gloves
MR       +....                  (boots unavailable)
Stlth    +++.......             q - amulet of magic regeneration {@e1}
HPRegen  0.26/turn              F - ring of fire
MPRegen  0.47/turn              C - ring of protection from cold

@: flying quickly and evasively, quick
A: beak, talons 3, able to fly
a: Stop Flying


You were on level 1 of the Swamp.
You were hungry.

You visited 4 branches of the dungeon, and saw 21 of its levels.
You also visited: Sewer.

You collected 2471 gold pieces.
You spent 1945 gold pieces at shops.

Inventory:

Hand Weapons
 a - a +2 short sword of electrocution (weapon)
 p - a +2 whip of draining
Missiles
 f - 68 poisoned darts (quivered)
 m - 7 throwing nets {=f}
Armour
 g - a +2 pair of gloves (worn)
 j - a scarf of cloud immunity
 k - the +8 steam dragon scales of the Dice (worn) {Int+3}
   (You bought it in a shop on level 2 of the Orcish Mines)

   It affects your intelligence (+3).
 K - a +2 hat (worn)
 P - a +2 cloak of poison resistance (worn)
Magical Staves
 b - an uncursed staff of conjuration {!a@e1}
Jewellery
 c - an uncursed ring of ice
 q - an amulet of magic regeneration (around neck) {@e1}
 x - an uncursed ring of resist corrosion
 C - a ring of protection from cold (right hand)
 F - a ring of fire (left hand)
 I - a +2 ring of intelligence
 N - an uncursed ring of positive energy
 S - a +6 ring of strength
 X - an uncursed ring of ice
Wands
 i - a wand of polymorph (26)
 o - a wand of random effects (25)
 t - a wand of enslavement (10)
 u - a wand of digging (6)
 L - a wand of paralysis (32)
 M - a wand of clouds (5)
 O - a wand of iceblast (21)
 W - a wand of flame (41)
Scrolls
 e - 5 scrolls of remove curse {@r2}
 n - 3 scrolls of magic mapping
 s - 2 scrolls of amnesia
 y - 2 scrolls of blinking
 A - 2 scrolls of teleportation {@r4}
 E - 3 scrolls of enchant weapon
 G - 2 scrolls of vulnerability
 R - 4 scrolls of fear
 T - a scroll of enchant armour
 V - 3 scrolls of fog
 Y - 12 scrolls of identify {@r1}
Potions
 h - 3 potions of might
 l - 2 potions of resistance
 r - 4 potions of heal wounds {@q2}
 v - 2 potions of agility
 z - 10 potions of curing {@q1}
 D - 3 potions of ambrosia
 H - 3 potions of magic
 J - 3 potions of haste {@q3}
 U - 2 potions of berserk rage {!q}
 Z - a potion of invisibility
Comestibles
 d - 30 rations {@e1}


   Skills:
 + Level 12.0 Fighting
 - Level 4.1 Short Blades
 + Level 13.2 Dodging
 - Level 5.1 Stealth
 + Level 11.8 Spellcasting
 - Level 11.0 Conjurations
 - Level 5.0 Hexes
 - Level 1.2 Summonings
 - Level 0.7 Translocations
 - Level 5.0 Fire Magic
 + Level 12.2 Air Magic
 - Level 2.2 Poison Magic
 - Level 5.0 Evocations


You had 2 spell levels left.
You knew the following spells:

 Your Spells              Type           Power        Failure   Level  Hunger
a - Magic Dart            Conj           ####         1%          1    None
b - Mephitic Cloud        Conj/Pois/Air  ######..     1%          3    None
c - Slow                  Hex            #####...     1%          2    None
d - Regeneration          Chrm/Necr      ###.......   10%         3    None
e - Conjure Ball Lightni  Conj/Air       ######....   4%          6    #####..
f - Confuse               Hex            #####...     1%          3    None
o - Conjure Flame         Conj/Fire      #######.     1%          3    None
p - Call Imp              Summ           ###.....     3%          2    None
t - Summon Lightning Spi  Summ/Air       ######..     1%          4    None
v - Blink                 Tloc           N/A          3%          2    None
y - Dazzling Spray        Conj/Hex       ######       1%          3    None
B - Summon Butterflies    Summ           ###.....     1%          1    None
W - Swiftness             Chrm/Air       ######..     1%          2    None

Your spell library contained the following spells:

 Spells                   Type           Power        Failure   Level  Hunger
 Corona                   Hex            #####..      1%          1    None
 Ensorcelled Hibernation  Hex/Ice        ####..       1%          2    None
 Animate Skeleton         Necr           N/A          3%          1    None
 Infusion                 Chrm           ###.         3%          1    None
 Pain                     Necr           ###.         3%          1    None
 Passwall                 Tmut/Erth      ###.....     4%          2    None
 Tukima's Dance           Hex            #####...     1%          3    None
 Silence                  Hex/Air        ######....   2%          5    ###....
 Call Canine Familiar     Summ           ###.....     6%          3    None
 Vampiric Draining        Necr           ###.......   10%         3    None
 Passage of Golubria      Tloc           N/A          24%         4    None
 Animate Dead             Necr           N/A          32%         4    None
 Deflect Missiles         Chrm/Air       ######....   38%         6    #####..
 Darkness                 Hex            #####.....   54%         6    #####..
 Invisibility             Hex            #####...     54%         6    #####..
 Lee's Rapid Deconstruct  Erth           ###.......   67%         5    ###....
 Controlled Blink         Tloc           N/A          100%        8    #######
 Disjunction              Tloc           ###.......   100%        8    #######
 Tornado                  Air            ######....   100%        9    #######


Dungeon Overview and Level Annotations

Branches:
Dungeon (12/15)            Temple (0/1) D:5            Lair (6/6) D:8
  Swamp (1/4) Lair:4       Spider (0/4) Lair:3        Slime (0/5) Lair:5
    Orc (2/2) D:11            Elf (0/3) Orc:2         Sewer (visited)

Altars:
Dithmenos
Elyvilon
Fedhas
Gozag
Kikubaaqudgha
Nemelex Xobeh
Qazlal
Sif Muna
Trog
Uskayaw
Vehumet
Wu Jian
Xom
Zin
The Shining One
Beogh
Jiyva

Shops:
Orc:2 =?[}?

Annotations:
Lair:2 exclusion: oklob plant
Lair:5 1 runed translucent door


Innate Abilities, Weirdness & Mutations

You have a beak for a mouth.
You have claws for feet.
You can fly continuously.


Message History

Your kick misses the large slime creature.
The large slime creature is severely wounded.
You hit the large slime creature.
The large slime creature is almost dead.
The large slime creature is engulfed in blazing flames.
The large slime creature hits you!!
* * * LOW HITPOINT WARNING * * *
You hit the large slime creature.
The large slime creature is almost dead.
The large slime creature is engulfed in blazing flames.
You kill the large slime creature!
You hit the swamp worm.
The swamp worm is lightly wounded.
The swamp worm is engulfed in blazing flames.
The swamp worm closely misses you.
You hit the swamp worm. Your kick misses the swamp worm.
The swamp worm is moderately wounded.
The swamp worm is engulfed in blazing flames.
The swamp worm bites you!
You die...

♣♣≈♣♣≈≈..≈.♣♣♣ ≈≈.
♣♣♣♣≈≈§≈...≈.♣♣ ≈≈.
♣♣.≈.>≈.♣♣≈.≈.♣ ≈≈..
♣.≈≈≈.§.♣♣♣♣§♣♣ ....
.§≈≈..♣≈♣ ♣♣≈♣♣ ♣♣♣J≈≈≈
.≈≈≈.♣♣♣♣♣♣.♣≈♣♣♣
♣♣..≈≈.. .≈≈.♣♣
♣♣.≈.≈.≈♣♣♣ ♣.≈≈≈≈.≈
.≈≈.♣
♣§.≈≈≈≈.♣w♣♣♣♣♣♣♣♣J..≈♣
≈≈..♣
♣♣≈..♣♣♣Q♣≈.JJ≈≈≈J.♣♣♣...
≈≈.≈♣ ♣♣♣♣♣ ♣♣♣♣≈≈≈≈≈§.♣♣
░ ....♣ ♣♣.≈≈≈..≈♣ .≈≈.♣
♣.....≈♣...░ ..≈.♣
♣♣≈♣≈w≈.≈.░.. ♣♣♣♣♣
♣♣♣♣♣≈.≈.♣ ♣♣♣≈≈.♣ ..♣..
≈....


You could see a swamp worm.

Vanquished Creatures
  Donald (Swamp:1)
  The ghost of Dytuiqes the Severer, a journeyman MiFi of Okawaru (Lair:1)
  Snorg (Lair:5)
  A fire dragon (D:8)
  The ghost of Fiha the Thaumaturge, a journeyman VSTm of Dithmenos (Lair:4)
  Fannar (Lair:2)
  Harold (Orc:1)
  5 hydras
  7 alligators
  2 two-headed ogres
  An ogre mage (Orc:2)
  Erica (D:11)
  A shambling mangrove (Swamp:1)
  A queen ant (Lair:2)
  7 death yaks
  Nergalle (Orc:2)
  A spectral death yak (Lair:4)
  A swamp dragon (Swamp:1)
  An unseen horror (D:12)
  A lindwurm (Lair:6)
  2 wolf spiders (Lair:3)
  10 orc sorcerers
  2 cyclopes (D:12)
  Maurice (D:11)
  5 black mambas
  2 molten gargoyles (Lair:6)
  7 spiny frogs
  3 komodo dragons
  A rime drake (Lair:1)
  A troll (Orc:2)
  3 slime creatures (Swamp:1)
  2 polar bears
  2 tyrant leeches (Swamp:1)
  Prince Ribbit (D:6)
  3 hornets (D:8)
  A bog body (Lair:4)
  17 dream sheep
  12 blink frogs
  2 spectral dream sheep (Lair:4)
  3 hippogriffs
  A spectral black mamba (Lair:1)
  A shadow (D:11)
  A centaur simulacrum (D:12)
  35 yaks
  6 wyverns
  A water elemental (D:12)
  A wraith (D:10)
  2 basilisks
  A spectral komodo dragon (Lair:1)
  Grum (D:8)
  A catoblepas simulacrum (Lair:1)
  4 vampire mosquitoes
  A death yak simulacrum (Lair:1)
  2 steam dragons
  4 wargs
  8 swamp worms
  3 hell hounds (Lair:6)
  21 soldier ants
  6 water moccasins
  14 porcupines
  An eye of draining (D:11)
  3 ice beasts
  2 sky beasts
  A black bear (D:11)
  11 ogres
  3 phantoms
  10 orc warriors
  8 wolves
  5 centaurs
  16 crocodiles
  2 big kobolds
  20 bullfrogs
  2 spiny frog simulacra
  7 scorpions
  A water moccasin skeleton (D:6)
  A wight (D:11)
  11 killer bees
  2 electric eels (Lair:5)
  3 howler monkeys
  4 crimson imps
  A quasit (D:6)
  A fire crab simulacrum (Lair:4)
  A komodo dragon simulacrum (Lair:1)
  4 hounds
  A jelly (D:8)
  9 orc priests
  40 orc wizards
  2 bullfrog skeletons
  3 iguanas
  20 worker ants
  A killer bee zombie (D:10)
  2 hound skeletons (D:5)
  A hound zombie (D:11)
  A worker ant zombie (D:7)
  4 gnolls (D:4)
  14 adders
  7 river rats (Sewer)
  5 shadow imps
  A white imp (D:12)
  5 oozes
  2 adder skeletons
  5 worms
  4 dart slugs
  12 leopard geckos
  68 orcs
  7 ball pythons
  8 giant cockroaches
  6 goblins
  9 hobgoblins
  2 jackals (D:2)
  3 quokkas
  5 bats
  9 frilled lizards (D:1)
  35 kobolds
  2 leopard gecko skeletons
  29 rats
  A fungus (Lair:4)
  3 plants (Lair:4)
677 creatures vanquished.

Vanquished Creatures (collateral kills)
  Jorgrun (D:11)
  A very ugly thing (Lair:4)
  A fire dragon (Lair:6)
  2 hydras
  A catoblepas (Lair:6)
  A swamp dragon (Lair:4)
  2 ugly things
  A black mamba (Lair:6)
  A ball lightning (Orc:2)
  2 spiny frogs (Lair:6)
  2 komodo dragons (Lair:6)
  A troll (Orc:2)
  A hippogriff (Lair:6)
  3 dream sheep
  Sigmund (D:2)
  A shadow (D:12)
  A wyvern (Lair:6)
  A wraith (D:12)
  3 yaks (Lair:6)
  3 basilisks (Lair:6)
  2 hungry ghosts (D:12)
  A steam dragon (Lair:6)
  A soldier ant (Lair:2)
  A hell hound (Lair:6)
  A sky beast (D:7)
  2 ice beasts (D:12)
  An orc warrior (Orc:2)
  2 wolves
  A crocodile (Lair:5)
  A wyvern zombie (D:12)
  3 howler monkeys (D:8)
  5 lava snakes (Lair:6)
  A centaur skeleton (D:12)
  Crazy Yiuf (D:2)
  A worker ant (Lair:2)
  3 orcs
57 creatures vanquished.

Vanquished Creatures (others)
  136 ball lightnings
  An electric eel (Lair:5)
  An orc wizard (D:8)
  12 fungi
  6 plants
156 creatures vanquished.

Grand Total: 890 creatures vanquished

Notes
Turn   | Place    | Note
-------+----------+-------------------------------------------
     0 | D:1      | utis the Tengu Wizard began the quest for the Orb.
     0 | D:1      | Reached XP level 1. HP: 10/10 MP: 5/5
   560 | D:1      | Reached XP level 2. HP: 15/15 MP: 5/7
   583 | D:1      | Learned a level 2 spell: Call Imp
   586 | D:1      | Learned a level 2 spell: Blink
   988 | D:1      | Reached XP level 3. HP: 19/19 MP: 4/8
  1025 | D:1      | Learned a level 3 spell: Conjure Flame
  1899 | D:2      | Noticed Sigmund
  2349 | D:3      | Reached XP level 4. HP: 13/24 MP: 10/10
  3494 | D:3      | Noticed a phantom
  3589 | D:3      | Killed a phantom
  3589 | D:3      | Gained mutation: You can fly continuously. [Tengu growth]
  3589 | D:3      | Reached XP level 5. HP: 16/28 MP: 1/13
  3746 | D:3      | Learned a level 3 spell: Mephitic Cloud
  3749 | D:3      | Learned a level 2 spell: Slow
  4044 | D:2      | Found a runed translucent door.
  4045 | D:2      | Noticed Crazy Yiuf
  4173 | D:2      | Killed Sigmund
  4173 | D:2      | Reached skill level 5 in Spellcasting
  4173 | D:2      | Reached skill level 1 in Poison Magic
  4173 | D:2      | Reached XP level 6. HP: 22/32 MP: 1/14
  4318 | D:2      | Killed Crazy Yiuf
  4513 | D:3      | Found a shadowy altar of Dithmenos.
  4554 | D:3      | Found a white marble altar of Elyvilon.
  4665 | D:3      | Found a glowing golden altar of the Shining One.
  5049 | D:3      | Reached skill level 5 in Conjurations
  5049 | D:3      | Reached XP level 7. HP: 36/36 MP: 5/15
  5166 | D:4      | Reached skill level 1 in Fire Magic
  5602 | D:4      | Found a stormy altar of Qazlal.
  5640 | D:4      | Found an ornate altar of the Wu Jian Council.
  5965 | D:5      | Entered Level 5 of the Dungeon
  6005 | D:5      | Found a staircase to the Ecumenical Temple.
  6439 | D:5      | Reached skill level 1 in Fighting
  6527 | D:5      | Reached skill level 3 in Dodging
  6758 | D:6      | Reached XP level 8. HP: 18/45 MP: 12/16
  6923 | D:6      | Reached skill level 4 in Dodging
  6960 | D:6      | Found a glowing drain.
  6964 | Sewer    | Entered a sewer
  7643 | D:6      | Noticed Prince Ribbit
  7658 | D:6      | Killed Prince Ribbit
  7658 | D:6      | Reached skill level 5 in Dodging
  7694 | D:6      | crap
  8049 | D:6      | Reached skill level 5 in Fighting
  8049 | D:6      | Reached skill level 6 in Dodging
  8195 | D:6      | Reached XP level 9. HP: 54/54 MP: 17/17
  8559 | D:5      | Learned a level 3 spell: Dazzling Spray
  8607 | D:6      | Reached skill level 7 in Dodging
  9824 | D:7      | Found a blossoming altar of Fedhas.
  9830 | D:7      | Got a spiked scale mail
  9849 | D:7      | Identified the +2 scale mail of Decompression {Dex+3} (You
                  | found it on level 7 of the Dungeon)
 10457 | D:7      | Reached skill level 8 in Dodging
 10744 | D:8      | Noticed Grum
 10937 | D:8      | Killed Grum
 10937 | D:8      | Reached skill level 1 in Hexes
 10941 | D:8      | Reached XP level 10. HP: 36/64 MP: 15/18
 11286 | D:8      | Noticed a fire dragon
 11498 | D:8      | Found a staircase to the Lair.
 11635 | D:9      | Found a sparkling altar of Nemelex Xobeh.
 11862 | D:9      | Noticed an angel
 11863 | D:9      | Found a glowing silver altar of Zin.
 11863 | D:9      | Found a shimmering altar of Xom.
 12126 | D:9      | Found a shimmering blue altar of Sif Muna.
 12261 | D:9      | Identified Sif Muna's Disquisition on Talismans
 12585 | D:9      | Found a bloodstained altar of Trog.
 12945 | D:10     | Entered Level 10 of the Dungeon
 13237 | D:10     | Reached skill level 5 in Hexes
 13608 | D:11     | Reached skill level 1 in Evocations
 13928 | D:11     | Noticed Erica
 13993 | D:11     | Reached XP level 11. HP: 68/68 MP: 16/23
 13994 | D:11     | Killed Erica
 14291 | D:11     | Learned a level 3 spell: Regeneration
 14600 | D:11     | Found a staircase to the Orcish Mines.
 14768 | D:11     | Noticed Maurice
 14809 | D:11     | Killed Maurice
 15428 | D:11     | Reached skill level 9 in Dodging
 15930 | D:11     | Noticed a two-headed ogre
 15952 | D:11     | Killed a two-headed ogre
 15952 | D:11     | Reached skill level 5 in Evocations
 15994 | D:11     | Learned a level 3 spell: Confuse
 16216 | D:8      | Found a hide-covered altar of Uskayaw.
 16216 | D:8      | Found an opulent altar of Gozag.
 16251 | Lair:1   | Entered Level 1 of the Lair of Beasts
 16975 | Lair:1   | Found a runed translucent gate.
 16975 | Lair:1   | Found a runed translucent gate.
 16975 | Lair:1   | Found a runed translucent gate.
 16981 | Lair:1   | Noticed Dytuiqes's ghost (journeyman MiFi)
 17214 | Lair:1   | You are sucked into a shaft and drop 1 floor!
 17269 | Lair:2   | Noticed an oklob plant
 17380 | Lair:2   | Reached skill level 10 in Dodging
 17724 | Lair:2   | crap
 17880 | Lair:2   | Reached XP level 12. HP: 55/77 MP: 19/25
 18237 | Lair:1   | Reached skill level 10 in Fighting
 18248 | Lair:1   | Reached skill level 11 in Dodging
 20091 | D:8      | incredible
 20114 | D:8      | Killed a fire dragon
 20115 | D:8      | my god
 21145 | Lair:1   | Killed Dytuiqes's ghost
 21145 | Lair:1   | Reached skill level 5 in Air Magic
 21272 | Lair:1   | Learned a level 2 spell: Swiftness
 21876 | Lair:2   | Reached skill level 5 in Fire Magic
 22010 | Lair:2   | Reached skill level 1 in Short Blades
 22059 | Lair:2   | Noticed Fannar
 23336 | Lair:2   | Killed Fannar
 23881 | Lair:2   | Noticed a queen ant
 23914 | Lair:2   | Killed a queen ant
 24425 | Lair:3   | Found a hole to the Spider Nest.
 24524 | Lair:3   | Reached XP level 13. HP: 78/82 MP: 24/26
 24693 | Lair:3   | Reached skill level 5 in Stealth
 25795 | Lair:4   | Identified the Guide on Unstable Creation
 25839 | Lair:4   | Found a staircase to the Swamp.
 26287 | Lair:4   | Found a runed translucent gate.
 26288 | Lair:4   | Found a runed translucent gate.
 26288 | Lair:4   | Found a runed translucent gate.
 26293 | Lair:4   | Noticed Fiha's ghost (journeyman VSTm)
 28195 | Lair:4   | Reached skill level 12 in Dodging
 28352 | Lair:4   | Killed Fiha's ghost
 29711 | Lair:5   | Found a runed translucent door.
 29712 | Lair:5   | Found a viscous altar of Jiyva.
 29716 | Lair:5   | Noticed an azure jelly
 29717 | Lair:5   | Found a staircase to the Slime Pits.
 29717 | Lair:5   | Noticed an azure jelly
 29718 | Lair:5   | Noticed an azure jelly
 30081 | Lair:5   | Learned a level 4 spell: Summon Lightning Spire
 31950 | Lair:5   | Noticed Snorg
 32269 | Lair:5   | Killed Snorg
 32285 | Lair:5   | Learned a level 1 spell: Summon Butterflies
 32719 | Lair:6   | Entered Level 6 of the Lair of Beasts
 33487 | Lair:6   | Reached XP level 14. HP: 67/90 MP: 20/28
 33677 | Lair:6   | Reached skill level 10 in Spellcasting
 34423 | Lair:6   | Reached skill level 10 in Conjurations
 34423 | Lair:6   | Reached skill level 10 in Air Magic
 35962 | Lair:6   | Found a large runed translucent door.
 35963 | Lair:6   | Found a large runed translucent door.
 36787 | Orc:1    | Entered Level 1 of the Orcish Mines
 36787 | Orc:1    | Noticed Jorgrun
 36821 | D:11     | Killed Jorgrun
 37734 | Orc:2    | Entered Level 2 of the Orcish Mines
 38433 | Orc:1    | Noticed Harold
 38452 | Orc:1    | Killed Harold
 39199 | Orc:2    | Found a staircase to the Elven Halls.
 39362 | Orc:2    | Found Pynwivil's Jewellery Shop.
 39576 | Orc:2    | Learned a level 6 spell: Conjure Ball Lightning
 40507 | Orc:2    | Found Tuotodi's Magic Scroll Boutique.
 40664 | Orc:2    | Bought a scroll of acquirement for 676 gold pieces
 40697 | Orc:2    | Found a radiant altar of Vehumet.
 40953 | Orc:2    | Noticed Nergalle
 41166 | Orc:2    | Found Fiumopoy's Magic Scroll Shop.
 41173 | Orc:2    | Bought a scroll of teleportation for 33 gold pieces
 41173 | Orc:2    | Bought a scroll of teleportation for 33 gold pieces
 41173 | Orc:2    | Bought a scroll of teleportation for 33 gold pieces
 41292 | Orc:2    | Found an ancient bone altar of Kikubaaqudgha.
 41296 | Orc:2    | Killed Nergalle
 41521 | Orc:2    | Found a roughly hewn altar of Beogh.
 42198 | Orc:2    | Found Qeohaxt's Gadget Shop.
 42220 | Orc:2    | Found Degh's Antique Armour Boutique.
 42272 | Orc:2    | Bought shimmering steam dragon scales for 1170 gold pieces
 42282 | Orc:2    | Identified the +8 steam dragon scales of the Dice {Int+3}
                  | (You bought it in a shop on level 2 of the Orcish Mines)
 43614 | D:12     | Reached XP level 15. HP: 95/95 MP: 28/31
 45835 | Swamp:1  | Entered Level 1 of the Swamp
 47215 | Lair:4   | Reached skill level 13 in Dodging
 49398 | Swamp:1  | Noticed Donald
 49405 | Swamp:1  | Killed Donald
 50369 | Swamp:1  | Slain by a swamp worm

Levels and vault maps discovered:
D:1:      matt_arrival_spirals, layout_basic, minmay_lizard_pond
D:2:      layout_basic, kennysheep_generic_room_10, uniq_sigmund,
          uniq_crazy_yiuf_cottage
D:3:      minmay_recursive_quarters, layout_basic, old_standard_altar,
          tso_altar, elyvilon_altar_3
D:4:      layout_basic, kennysheep_little_box, lemuel_doored_altar, first_ration
D:5:      layout_rooms, minmay_temple_entry_glass
D:6:      layout_loops_ring, gup_sewer_entry_spiral, lemuel_flame_loot_1,
          uniq_prince_ribbit1
D:7:      layout_rooms, fedhas_ov_isle_minmay
D:8:      layout_basic, nicolae_overflow_hidden_temple, minmay_lair_entry_lava,
          hangedman_pestilent_swarm, uniq_grum
D:9:      layout_irregular_city, grunt_temple_overflow_order_and_chaos_1,
          nicolae_overflow_crystal_walls, led_sif_book, bloody_trog,
          serial_glass, glass_columns_a, glass_columns_a, feat_on_display,
          minmay_strange_pillars, feat_on_display, feat_on_display
D:10:     layout_cave_pools
D:11:     kennysheep_blocky_hall, layout_long_grid, minmay_orc_entry_guard_dogs,
          minmay_misc_feat_room, uniq_maurice, uniq_erica
D:12:     layout_loops_ring, serial_ice, serial_ice_k, serial_ice_d,
          serial_ice_c, serial_ice_f
Lair:1:   layout_regular_city, gammafunk_ghost_necromancy, minivault_19,
          st_stairs_6, beast_lair_carwin_3, grunt_megastairs_2
Lair:2:   layout_chaotic_city, gauntlet_entry_generic, minivault_29,
          grunt_megastairs_5, uniq_fannar
Lair:3:   layout_long_grid, spider_nest_entry_funnel_web
Lair:4:   layout_loops_ring, skrybe_swamp_entry_bodies, serial_rivers,
          chequers_serial_rivers_micro_b, chequers_serial_rivers_micro_b,
          chequers_serial_rivers_small_b, chequers_serial_rivers_room_a,
          chequers_serial_rivers_small_3, chequers_serial_rivers_micro_a,
          gammafunk_ghost_necromancy, st_stairs_12
Lair:5:   layout_big_grid, slime_altar_2, grunt_megastairs_3,
          serial_bayou_shore_a, lemuel_fruit_tree, uniq_snorg
Lair:6:   cheibrodos_lair_end_hotspot, layout_hall_layers,
          nicolae_lair_yak_garden
Swamp:1:  layout_basic_swamp, evilmike_swamp_ruin_house_4, uniq_donald
Orc:1:    layout_caves, uniq_jorgrun, uniq_harold
Orc:2:    kennysheep_orc_mage_school, layout_caves, serial_shops, shop

Skill      XL: |  1  2  3  4  5  6  7  8  9 10 11 12 13 14 15 |
---------------+----------------------------------------------+-----
Conjurations   | 2 3 4 5 6 8 9 11 | 11.0
Spellcasting   | 4 5 7 8 9 11 | 11.8
Air Magic      | 2 3 5 8 11 12 | 12.2
Poison Magic   | 1 2 |  2.2
Fire Magic     | 2 5 |  5.0
Fighting       | 2 5 7 8 9 10 11 12 | 12.0
Dodging        | 3 6 8 10 11 12 13 | 13.2
Hexes          | 1 5 |  5.0
Evocations     | 2 5 |  5.0
Short Blades   | 4 |  4.1
Stealth        | 4 5 |  5.1
Summonings     | |  1.2
Translocations | |  0.7

Action                   |  1- 3 |  4- 6 |  7- 9 | 10-12 | 13-15 || total
-------------------------+-------+-------+-------+-------+-------++-------
Melee: Whip              |    42 |    56 |   348 |   870 |   470 ||  1786
       Peck              |     4 |    11 |    39 |   140 |   100 ||   294
       Kick              |     5 |    12 |    61 |   226 |   147 ||   451
       Trident           |       |     2 |     7 |       |       ||     9
       Halberd           |       |       |    57 |    64 |       ||   121
       Dagger            |       |       |       |    51 |       ||    51
       Scimitar          |       |       |       |       |     6 ||     6
       Short sword       |       |       |       |       |   260 ||   260
Throw: Dart              |       |     1 |       |     7 |       ||     8
 Cast: Magic Dart        |    43 |    50 |   126 |   153 |   115 ||   487
       Conjure Flame     |     1 |     4 |    36 |    73 |    84 ||   198
       Call Imp          |       |    11 |     1 |     9 |     1 ||    22
       Mephitic Cloud    |       |     3 |    33 |    66 |    51 ||   153
       Slow              |       |       |     3 |     2 |       ||     5
       Blink             |       |       |     4 |       |    11 ||    15
       Dazzling Spray    |       |       |     5 |       |     8 ||    13
       Confuse           |       |       |       |    30 |    21 ||    51
       Regeneration      |       |       |       |     1 |     2 ||     3
       Summon Lightning  |       |       |       |       |    63 ||    63
       Conjure Ball Ligh |       |       |       |       |    88 ||    88
 Abil: Fly               |       |     1 |       |       |       ||     1
Evoke: Wand              |       |       |       |    17 |     7 ||    24
  Use: Scroll            |     1 |     1 |    16 |     8 |    11 ||    37
       Potion            |       |     5 |     2 |     6 |     2 ||    15
 Stab: Sleeping          |     2 |       |     3 |     3 |     2 ||    10
       Confused          |       |     2 |    11 |    44 |    48 ||   105
       Distracted        |       |       |       |       |     4 ||     4
       Paralysed         |       |       |       |       |     4 ||     4
  Eat: Chunk             |     4 |     6 |    18 |    29 |    44 ||   101
       Ration            |       |     1 |     1 |     4 |    17 ||    23
Armor: Leather armour    |    12 |     4 |       |       |       ||    16
       Robe              |       |     4 |    69 |   147 |    80 ||   300
       Steam dragon scal |       |       |       |       |    67 ||    67
Dodge: Dodged            |    14 |    32 |   297 |   797 |   840 ||  1980
